Map: Arctic Dream LE

Players

isak

  • Race: Terran Terran
  • League: Diamond
  • Spawn Location: 12:00

bigmanJon

  • Race: Terran Terran
  • Spawn Location: 11:00

Massa - Winner!

  • Race: Terran Terran
  • League: Gold
  • Spawn Location: 5:00

qqq - Winner!

  • Race: Zerg Zerg
  • League: Platinum
  • Spawn Location: 6:00

VOD

Have the link to the VOD?

Description

Time

  • Played on: June 3, 2020, 12:19 p.m.
  • Length: 3:33
Show
View Real Time Build Order
Export as new Build Order

isak Terran 

Build Orders:  

Get SALT Encoding   

  12  0:08  SCV  
  7  1:24  SCV  
  6  1:56  SCV  
  7  2:30  SCV  
Show
View Real Time Build Order
Export as new Build Order

bigmanJon Terran 

Build Orders:  

Get SALT Encoding   

  12  0:13  SCV  
  4  1:26  SCV  
  4  2:00  SCV  
Show
View Real Time Build Order
Export as new Build Order

Massa Terran - Winner!

Build Orders:  

Get SALT Encoding   

  12  0:10  Supply Depot  
  12  0:14  SCV  
  13  0:26  SCV  
  13  0:37  Barracks  
  13  0:38  SCV  
  14  0:55  SCV  
  12  1:07  SCV  
  6  2:15  SCV  
  7  2:26  Marine  
  8  2:40  SCV  
  9  2:44  Marine  
  10  2:52  SCV  
  11  3:02  Marine  
  12  3:07  SCV  
  13  3:19  SCV  
Show
View Real Time Build Order
Export as new Build Order

qqq Zerg - Winner!

Build Orders: Pool Only 

Get SALT Encoding   

  12  0:03  Drone  
  13  0:10  Drone  
  14  0:44  Spawning Pool  
  13  1:01  Drone  
  14  1:19  Overlord  
  14  1:31  Zergling x2  
  14  1:51  Zergling x6  
  17  2:06  Drone  
  17  2:07  Extractor  
  17  2:24  Drone  
  17  2:45  Zergling x6  
  20  2:59  Zergling x2  
Tags
 
Add a new tag
Caveats
  • Supply blocks, unpowered buildings, or Contaminate may cause inaccurate times.
  • Supply counts are checked every 10 seconds.